 Dungeon Crawl Stone Soup version 0.24-a0-512-g2b48af375b (webtiles) character file.

Game seed: 11731468718985494452

62465 icckedyourdad the Brawler (level 14, -1/118 HPs)
             Began as a Troll Monk on July 20, 2019.
             Was the Champion of Yredelemnul.
             Killed from afar by an ogre mage (3 damage)
             ... with a bolt of cold
             ... on level 13 of the Dungeon.
             The game lasted 00:33:46 (16750 turns).

icckedyourdad the Brawler (Troll Monk)             Turns: 16750, Time: 00:33:47

Health: -1/118     AC: 23    Str: 23 (26) XL:     14   Next: 64%
Magic:  1/19       EV:  1    Int:  5 (6)  God:    Yredelemnul [******]
Gold:   1339       SH:  0    Dex: 15      Spells: 13/13 levels left

rFire    + + +     SeeInvis .     - Unarmed
rCold    + + +     Gourm    +   (no shield)
rNeg     . . .     Faith    .   r - +7 gold dragon scales of Generosity {rPois rF+ rC+ Dex+3 Stlth+}
rPois    +         Spirit   .   (helmet restricted)
rElec    .         Reflect  .   j - scarf {rC+ rF+}
rCorr    .         Harm     +   (gloves unavailable)
MR       ++...                  (boots unavailable)
Stlth    ..........             y - amulet "Fukyigikk" {Harm *Drain rC+}
HPRegen  0.69/turn              z - ring of flight
MPRegen  0.16/turn              E - ring of protection from fire

@: very slightly contaminated, hasted, studying Stealth, heavily drained, very
quick
A: large, unfitting armour, claws 3, horns 1, deterioration 1, fast metabolism
3, gourmand, magic resistance 1, regeneration 1, screaming 1, shaggy fur 1,
tough skin 3
a: Recall Undead Slaves, Injury Mirror, Animate Dead, Drain Life, Enslave Soul,
Renounce Religion, Evoke Flight


You were on level 13 of the Dungeon.
You worshipped Yredelemnul.
Yredelemnul was exalted by your worship.
You were not hungry.

You visited 3 branches of the dungeon, and saw 21 of its levels.
You also visited: Ossuary and Bailey.

You collected 1339 gold pieces.

Inventory:

Hand Weapons
 h - a +0 giant club
 M - the +8 mace of the Heavens {drain, MR++}
   (You took it off a centaur warrior on level 13 of the Dungeon)

   A truly terrible weapon, it drains the life of those it strikes.
   It affects your resistance to hostile enchantments.
Missiles
 C - 5 javelins
 H - 11 large rocks (quivered)
Armour
 j - a scarf of resistance (worn)
 r - the +7 gold dragon scales of Generosity (worn) {rPois rF+ rC+ Dex+3 Stlth+}
   (You found it in a bailey)

   It affects your dexterity (+3).
   It protects you from fire.
   It protects you from cold.
   It protects you from poison.
   It makes you more stealthy.
 P - a +2 large shield
Jewellery
 u - an uncursed amulet of the acrobat
 y - the amulet "Fukyigikk" (around neck) {Harm *Drain rC+}
   (You found it in a bailey)

   [amulet of harm]

   It increases damage dealt and taken.
   It protects you from cold.
   It causes draining when unequipped.
 z - a ring of flight (left claw)
 A - a +3 ring of evasion
 E - a ring of protection from fire (right claw)
 Q - an uncursed amulet of magic regeneration {unknown}
Wands
 c - a wand of enslavement (17)
 d - a wand of disintegration (10)
 f - a wand of iceblast (7)
 q - a wand of flame (16)
 s - a wand of paralysis (19)
 J - a wand of digging (6)
 N - a wand of polymorph (35)
Scrolls
 a - 5 scrolls of blinking
 g - 7 scrolls of enchant weapon
 i - 6 scrolls of remove curse
 l - 3 scrolls of amnesia
 m - 2 scrolls of fear
 v - 2 scrolls of enchant armour
 w - 5 scrolls of summoning
 x - 2 scrolls of fog
 D - 11 scrolls of teleportation
 I - 8 scrolls of identify
 L - a scroll of magic mapping
 O - a scroll of silence {unknown}
 R - a scroll of brand weapon {unknown}
 S - a scroll of acquirement {unknown}
Potions
 e - 3 potions of flight
 k - 5 potions of lignification
 n - 3 potions of agility
 o - 7 potions of haste
 p - 6 potions of curing
 B - a potion of invisibility
 G - 3 potions of resistance
 K - 2 potions of brilliance
Books
 t - a manual of Stealth
Miscellaneous
 T - a fan of gales
Comestibles
 b - 29 rations


   Skills:
 - Level 2.4(0.4) Fighting
 - Level 6.3(4.0) Throwing
 - Level 2.4(0.4) Dodging
 - Level 1.0(0.0) Stealth
 * Level 6.9(4.6) Shields
 - Level 20.2(17.1) Unarmed Combat
 - Level 9.0(6.5) Invocations


You had 13 spell levels left.
You didn't know any spells.
Your spell library contained the following spells:

 Spells                   Type           Power        Failure   Level  Hunger
 Animate Skeleton         Necr           N/A          100%        1    ##.....
 Beastly Appendage        Tmut           #.....       100%        1    ##.....
 Corona                   Hex            #......      100%        1    ##.....
 Flame Tongue             Conj/Fire      #....        100%        1    ##.....
 Magic Dart               Conj           #...         100%        1    ##.....
 Pain                     Necr           #...         100%        1    ##.....
 Blink                    Tloc           N/A          100%        2    ###....
 Call Imp                 Summ           #.......     100%        2    ###....
 Ensorcelled Hibernation  Hex/Ice        #.....       100%        2    ###....
 Slow                     Hex            #.......     100%        2    ###....
 Sticks to Snakes         Tmut           #.......     100%        2    ###....
 Throw Flame              Conj/Fire      #.....       100%        2    ###....
 Confuse                  Hex            #.......     100%        3    ####...
 Conjure Flame            Conj/Fire      #.......     100%        3    ####...
 Dazzling Spray           Conj/Hex       #.....       100%        3    ####...
 Inner Flame              Hex/Fire       #.......     100%        3    ####...
 Mephitic Cloud           Conj/Pois/Air  #.......     100%        3    ####...
 Regeneration             Chrm/Necr      #.........   100%        3    ####...
 Spider Form              Tmut/Pois      #.........   100%        3    ####...
 Tukima's Dance           Hex            #.......     100%        3    ####...
 Vampiric Draining        Necr           #.........   100%        3    ####...
 Animate Dead             Necr           N/A          100%        4    #####..
 Ice Form                 Ice/Tmut       #.......     100%        4    #####..
 Iskenderun's Mystic Bla  Conj           #.......     100%        4    #####..
 Sticky Flame             Conj/Fire      #.......     100%        4    #####..
 Blade Hands              Tmut           #.........   100%        5    ######.
 Fireball                 Conj/Fire      #.........   100%        5    ######.
 Deflect Missiles         Chrm/Air       #.........   100%        6    #######


Dungeon Overview and Level Annotations

Branches:
Dungeon (14/15)            Temple (1/1) D:7            Lair (6/6) D:11
 Shoals (0/4) Lair:4        Snake (0/4) Lair:3        Slime (0/5) Lair:6
 Vaults (0/5) D:13
    Orc: D:9-12

Altars:
Cheibriados
Dithmenos
Elyvilon
Gozag
Hepliaklqana
Makhleb
Nemelex Xobeh
Qazlal
Ru
Sif Muna
Trog
Vehumet
Wu Jian
Yredelemnul
Zin
The Shining One
Beogh
Jiyva

Shops:
D:4 (   D:8 (   D:11 }:[

Portals:
Trove: D:13 (give +3 gold dragon scales)

Annotations:
D:4 1 runed translucent door
D:13 1 transporter


Innate Abilities, Weirdness & Mutations

You are too large for most types of armour.
You have claws for hands.
Your metabolism is lightning-fast.
You like to eat raw meat.
Your natural rate of healing is unusually fast.
You are covered in fur. (AC +1)
You have extremely tough skin. (AC +3)
You have a pair of small horns on your head.
Your body sometimes deteriorates upon taking damage.
You are resistant to hostile enchantments. (MR+)
You occasionally shout uncontrollably at your foes.


Message History

The orc knight hits your orc priest zombie with a +1 vampiric glaive!!
You mangle the two-headed ogre!!
You kill the two-headed ogre!
Yredelemnul accepts your kill.
Your orc priest zombie closely misses the orc knight.
The orc warrior hits you with a +1 flail of crushing!
* * * LOW HITPOINT WARNING * * *
x2 Unknown command.
Blink to where?
Press: ? - help, Dir - move target cursor, p - orc priest You are very lightly contaminated with residual magic.
As you read the scroll of blinking, it crumbles to dust.
The orc warlord roars a battlecry!
The orc warriors go into a battle-frenzy!
The cyclops throws a large rock.
The large rock hits you.
* * * LOW HITPOINT WARNING * * *
The ogre mage casts a spell at you. The bolt of cold hits you. You resist.
You die...
Your body rises from the dead as a mindless zombie.

####.#
############.##..Z#
..Z..#
#...(©o)§.##.####Z#
######
#.Zo#####)o.#Z####Z#
#....#.#o.o.#.((.).#
#.#...CC.o#.#.######
#.##.8.8.##.#.#
#########.#..._... .#.#
........#.##.8.8.##.#.#
#########.#$....@!#.#.#
#.....#...$#o#$...#.#
#.#####..C#####..O#.#####
#.# #...ooOo..##..ZZ.#
###.# #########..###Z#
#...# #..©..# #..# #Z#
#.### ###(#####(.# #Z#
..# #(ZV(()(.# #.# ∩.#
###Z####.# #Z#


You could see 2 orc warlords, an orc knight, an orc high priest, a two-headed
ogre, an ogre mage, 2 cyclopes, 2 orc warriors and a friendly orc priest zombie.

Vanquished Creatures
  A vault guard (D:13)
  2 hydras (Lair:6)
  Erolcha (D:12)
  2 centaur warriors (D:13)
  3 two-headed ogres
  7 death yaks
  Nergalle (Lair:2)
  3 unseen horrors
  Pikel (D:8)
  A lindwurm (Lair:6)
  3 orc knights (D:13)
  2 orc sorcerers (D:13)
  2 cyclopes
  3 manticores (Lair:2)
  An ugly thing (D:13)
  3 black mambas
  2 merfolk sirens (Lair:4)
  13 elephants
  2 molten gargoyles (Lair:6)
  3 gargoyles
  3 centaur skeletons
  9 spiny frogs
  A rime drake (Lair:5)
  A kobold demonologist (D:11)
  8 komodo dragons
  An efreet (D:14)
  A queen bee (Lair:2)
  2 meliai (D:13)
  4 polar bears
  2 merfolk
  5 trolls
  2 hornets
  10 hippogriffs
  3 blink frogs (Lair:3)
  A spriggan (D:11)
  Sigmund (D:6)
  2 wyverns
  A vampire (D:11)
  2 wraiths
  25 yaks
  A hungry ghost (D:9)
  6 basilisks
  A vampire mosquito (D:11)
  A naga (Lair:3)
  15 water moccasins
  2 hell hounds (Lair:6)
  2 acid dragons (D:13)
  4 porcupines
  A sky beast (D:13)
  11 orc warriors
  A black bear (shapeshifter) (D:13)
  A phantom (D:10)
  4 boggarts (Lair:5)
  3 ice beasts
  10 wolves
  9 ogres
  11 centaurs
  4 big kobolds
  4 crocodiles
  A gnoll sergeant (D:9)
  8 bullfrogs
  A wyvern skeleton (D:6)
  2 scorpions
  12 wights
  26 killer bees
  3 howler monkeys
  A vampire bat (D:4)
  4 crimson imps
  A lava snake (Lair:6)
  3 bullfrog zombies
  A quasit (D:10)
  4 centaur zombies
  4 hounds
  12 orc wizards
  2 bullfrog skeletons
  6 jellies
  11 orc priests
  2 iguanas
  11 worker ants
  A hound zombie (D:9)
  2 hound skeletons
  12 mummies (Ossuary)
  A worker ant zombie (D:11)
  A howler monkey skeleton (D:11)
  2 howler monkey zombies
  7 gnolls
  11 adders
  2 river rats (Lair:2)
  4 shadow imps
  An ooze (D:1)
  An adder zombie (D:9)
  An adder skeleton (D:5)
  A worm (D:2)
  A dart slug (D:4)
  2 leopard geckos
  79 orcs
  10 giant cockroaches
  7 goblins
  3 hobgoblins
  8 jackals
  5 bats
  2 frilled lizards
  A gnoll skeleton (Ossuary)
  2 goblin skeletons (Ossuary)
  26 kobolds
  4 kobold skeletons (Ossuary)
  An orc skeleton (Ossuary)
  A quokka skeleton (D:5)
  A quokka zombie (D:6)
  3 rats
  11 rat skeletons (Ossuary)
560 creatures vanquished.

Vanquished Creatures (collateral kills)
  A fire dragon (Lair:6)
  4 hydras
  A rakshasa (D:13)
  4 death yaks
  A skeletal warrior (D:11)
  2 ugly things
  An oklob plant (Lair:3)
  3 elephants (Lair:3)
  A black mamba (Lair:2)
  A rime drake (Lair:2)
  4 spiny frogs
  6 komodo dragons
  A merfolk (Lair:4)
  A meliai (D:13)
  A meliai zombie (D:12)
  A slime creature (D:11)
  A hippogriff (Lair:5)
  A wraith (D:13)
  A shadow (D:11)
  2 wyverns
  A basilisk (Lair:6)
  A steam dragon (Lair:6)
  An acid dragon (D:11)
  A hell hound (Lair:6)
  2 porcupines (Lair:3)
  2 orc warriors
  A sky beast (D:12)
  An ogre (D:11)
  A black bear (D:13)
  2 wolves (Lair:2)
  4 bullfrogs
  A scorpion (D:12)
  11 killer bees
  A crimson imp (D:11)
  4 lava snakes (Lair:6)
  A bullfrog zombie (D:11)
  A hound (D:11)
  A centaur skeleton (D:8)
  A river rat (Lair:2)
  19 orcs
  A goblin (D:8)
  2 kobolds (D:13)
  4 fungi
  8 plants
110 creatures vanquished.

Vanquished Creatures (others)
  An ugly thing zombie (D:13)
  2 phantasmal warriors (Lair:4)
  A death yak zombie (Lair:3)
  A human zombie (D:13)
  2 meliai zombies (D:13)
  10 flying skulls
  3 wraiths
  3 vampires
  2 slaves (D:8)
  A two-headed ogre zombie (D:13)
  A merfolk zombie (Lair:4)
  2 spiny frog zombies (Lair:6)
  A phantom (D:8)
  A manticore zombie (Lair:2)
  2 elephant skeletons (Lair:3)
  2 blink frog skeletons (Lair:3)
  A vampire mosquito zombie (D:11)
  A komodo dragon zombie (Lair:6)
  A hell hound zombie (Lair:6)
  3 wyvern zombies
  A komodo dragon skeleton (Lair:6)
  3 water moccasin zombies
  3 yak zombies
  A cyclops skeleton (D:12)
  2 polar bear zombies
  A spriggan zombie (D:11)
  2 troll zombies
  A wight (D:13)
  A yak skeleton (Lair:6)
  2 wolf zombies
  2 centaur zombies
  A wolf skeleton (Lair:2)
  A bullfrog zombie (Lair:3)
  A basilisk zombie (D:12)
  3 centaur skeletons (D:13)
  A porcupine zombie (Lair:2)
  7 killer bee zombies
  A porcupine skeleton (Lair:3)
  A big kobold zombie (D:10)
  An acid dragon zombie (D:13)
  A sky beast zombie (D:13)
  2 mummies
  A worker ant zombie (D:13)
  6 orc zombies
  An iguana zombie (D:13)
  An adder zombie (D:11)
  A goblin (D:8)
  2 gnoll skeletons (D:9)
  6 kobold zombies
  2 fungi
  A plant (Lair:2)
101 creatures vanquished.

Grand Total: 771 creatures vanquished

Notes
Turn   | Place    | Note
-------+----------+-------------------------------------------
     0 | D:1      | icckedyourdad the Troll Monk began the quest for the Orb.
     0 | D:1      | Reached XP level 1. HP: 22/22 MP: 0/0
   119 | D:1      | Reached XP level 2. HP: 29/29 MP: 1/1
   237 | D:1      | Reached skill level 4 in Unarmed Combat
   354 | D:2      | Reached XP level 3. HP: 36/36 MP: 2/2
  1057 | D:4      | Reached XP level 4. HP: 42/44 MP: 3/3
  1097 | D:4      | Found Jonier's Weapon Emporium.
  1123 | D:4      | Reached skill level 5 in Unarmed Combat
  1132 | D:4      | Reached XP level 5. HP: 38/50 MP: 4/4
  1190 | D:4      | Reached skill level 6 in Unarmed Combat
  1281 | D:4      | Noticed an ogre
  1286 | D:4      | Killed an ogre
  1286 | D:4      | Reached XP level 6. HP: 33/59 MP: 5/5
  1290 | D:4      | Reached skill level 7 in Unarmed Combat
  1300 | D:4      | Found a runed translucent door.
  1300 | D:4      | Found a glowing golden altar of the Shining One.
  1300 | D:4      | Noticed an angel
  1422 | D:5      | Entered Level 5 of the Dungeon
  1427 | D:5      | Reached skill level 8 in Unarmed Combat
  1442 | D:5      | Reached XP level 7. HP: 16/66 MP: 6/6
  1601 | D:5      | Found a stormy altar of Qazlal.
  1603 | D:5      | Noticed a fire elemental
  1604 | D:5      | Noticed a water elemental
  1604 | D:5      | Noticed an air elemental
  1638 | D:5      | Reached skill level 9 in Unarmed Combat
  1744 | D:5      | Found a sand-covered staircase.
  1748 | Ossuary  | Entered an ossuary
  2122 | D:5      | Reached XP level 8. HP: 48/74 MP: 7/7
  2358 | D:5      | Reached skill level 10 in Unarmed Combat
  2987 | D:6      | Noticed Sigmund
  2993 | D:6      | Killed Sigmund
  3057 | D:6      | Reached skill level 11 in Unarmed Combat
  3091 | D:6      | Found an ornate altar of the Wu Jian Council.
  3343 | D:6      | Found an opulent altar of Gozag.
  3666 | D:7      | Found a staircase to the Ecumenical Temple.
  3819 | Temple   | Entered the Ecumenical Temple
  3841 | Temple   | Became a worshipper of Yredelemnul the Dark
  3841 | Temple   | Reached * piety under Yredelemnul
  3841 | Temple   | Reached ** piety under Yredelemnul
  3935 | D:7      | Found a snail-covered altar of Cheibriados.
  3935 | D:7      | Found a hazy altar of Hepliaklqana.
  3936 | D:7      | Found a radiant altar of Vehumet.
  3940 | D:7      | Found a deep blue altar of Sif Muna.
  4099 | D:8      | Reached XP level 9. HP: 80/80 MP: 8/8
  4102 | D:8      | Reached skill level 12 in Unarmed Combat
  4141 | D:8      | Found Vemnegiu's Weapon Shop.
  4162 | D:8      | Noticed Pikel
  4177 | D:8      | Found a flagged portal.
  4182 | D:8      | HP: 2/80 [bullfrog (4)]
  4233 | D:8      | Killed Pikel
  4250 | Bailey   | Entered a bailey
  4401 | Bailey   | Reached skill level 13 in Unarmed Combat
  4413 | Bailey   | Found an iron altar of Okawaru.
  4459 | Bailey   | Got twisted gold dragon scales
  4470 | Bailey   | Identified the +7 gold dragon scales of Generosity {rPois
                  | rF+ rC+ Dex+3 Stlth+} (You found it in a bailey)
  4487 | Bailey   | Got a slimy brass amulet
  4514 | Bailey   | Identified the amulet "Fukyigikk" {Harm *Drain rC+} (You
                  | found it in a bailey)
  4729 | D:8      | Reached *** piety under Yredelemnul
  4766 | D:8      | Found a roughly hewn altar of Beogh.
  5115 | D:9      | Reached skill level 14 in Unarmed Combat
  5120 | D:9      | Reached XP level 10. HP: 88/88 MP: 9/9
  5239 | D:9      | Reached skill level 1 in Invocations
  5455 | D:9      | Noticed a cyclops
  5464 | D:9      | Killed a cyclops
  5466 | D:9      | Reached **** piety under Yredelemnul
  5579 | D:9      | Gained mutation: You are agile. (Dex +2) [potion of
                  | mutation]
  5579 | D:9      | Gained mutation: You have large cloven feet. [potion of
                  | mutation]
  5579 | D:9      | Lost mutation: You are agile. (Dex +2) [potion of mutation]
  5579 | D:9      | Gained mutation: You are resistant to hostile enchantments.
                  | (MR+) [potion of mutation]
  5585 | D:9      | Lost mutation: You have large cloven feet. [potion of
                  | mutation]
  5585 | D:9      | Lost mutation: You are resistant to hostile enchantments.
                  | (MR+) [potion of mutation]
  5585 | D:9      | Gained mutation: Scrolls take you a little longer to read.
                  | [potion of mutation]
  5585 | D:9      | Gained mutation: You occasionally shout uncontrollably at
                  | your foes. [potion of mutation]
  5585 | D:9      | Gained mutation: Your skin changes colour to match your
                  | surroundings (Stealth+). [potion of mutation]
  5586 | D:9      | Lost mutation: Scrolls take you a little longer to read.
                  | [potion of mutation]
  5586 | D:9      | Lost mutation: Your skin changes colour to match your
                  | surroundings (Stealth+). [potion of mutation]
  5586 | D:9      | Gained mutation: Your body sometimes deteriorates upon
                  | taking damage. [potion of mutation]
  5586 | D:9      | Gained mutation: You evolve. [potion of mutation]
  5587 | D:9      | Lost mutation: You occasionally shout uncontrollably at
                  | your foes. [potion of mutation]
  5587 | D:9      | Lost mutation: You evolve. [potion of mutation]
  5587 | D:9      | Gained mutation: You can translocate small distances at
                  | will. [potion of mutation]
  5587 | D:9      | Gained mutation: You possess an exceptional clarity of
                  | mind. [potion of mutation]
  5587 | D:9      | Gained mutation: Your spells are a little harder to cast,
                  | but a little more powerful. [potion of mutation]
  5967 | D:9      | Found a roughly hewn altar of Beogh.
  5976 | D:9      | Reached skill level 5 in Invocations
  5986 | D:9      | Received a gift from Yredelemnul (a mummy)
  6251 | D:10     | Entered Level 10 of the Dungeon
  6275 | D:10     | Received a gift from Yredelemnul (a mummy)
  6433 | D:10     | Received a gift from Yredelemnul (a wraith)
  6643 | D:10     | Killed an unseen horror
  6796 | D:11     | Noticed a gargoyle
  6819 | D:10     | Killed a gargoyle
  6842 | D:11     | Received a gift from Yredelemnul (5 flying skulls)
  6847 | D:11     | Reached XP level 11. HP: 90/94 MP: 16/16
  6847 | D:11     | Noticed an eight-headed hydra
  6860 | D:11     | Killed an eight-headed hydra
  6862 | D:11     | Killed an unseen horror
  6891 | D:11     | Noticed a skeletal warrior
  6917 | D:11     | Killed a skeletal warrior
  7031 | D:11     | Reached skill level 15 in Unarmed Combat
  7033 | D:11     | Killed an unseen horror
  7033 | D:11     | Reached ***** piety under Yredelemnul
  7034 | D:11     | Noticed a two-headed ogre
  7178 | D:10     | Killed a two-headed ogre
  7304 | D:11     | Found Feyleqiu's Book Shoppe.
  7325 | D:11     | Found Luaraf's Armour Boutique.
  7510 | D:11     | Reached skill level 16 in Unarmed Combat
  7788 | D:11     | Received a gift from Yredelemnul (2 flying skulls)
  7836 | D:11     | Found Zempul's Gadget Shop.
  7846 | D:11     | Found a staircase to the Lair.
  8328 | D:12     | Noticed a purple ugly thing
  8330 | D:12     | Reached XP level 12. HP: 93/104 MP: 17/17
  8390 | D:12     | Reached skill level 1 in Throwing
  8422 | D:12     | Noticed Erolcha
  8429 | D:12     | Killed Erolcha
  8476 | D:12     | Identified the Incunabulum of Damaging Feathers
  8542 | D:12     | Received a gift from Yredelemnul (3 flying skulls)
  8641 | D:12     | Noticed a centaur warrior
  8644 | D:12     | You fall into a shaft and drop 1 floor!
  8645 | D:13     | Found a portal to a secret trove of treasure.
  8711 | D:13     | Found a transporter.
  8711 | D:13     | Noticed an orc warlord
  8711 | D:13     | Noticed an orc high priest
  8714 | D:13     | Noticed an orc warlord
  8715 | D:13     | Found a transporter.
  8715 | D:13     | Noticed an ogre mage
  8715 | D:13     | Noticed an orc warlord
  8716 | D:13     | Noticed a two-headed ogre
  8716 | D:13     | Noticed a two-headed ogre
  8717 | D:13     | Found a roughly hewn altar of Beogh.
  8807 | D:13     | Noticed a centaur warrior
  8813 | D:13     | Killed a centaur warrior
  8813 | D:13     | Reached skill level 5 in Throwing
  8926 | D:13     | Identified the +8 mace of the Heavens {drain, MR++}
  8926 | D:13     | Noticed a centaur warrior
  8932 | D:13     | Killed a centaur warrior
  8989 | D:13     | Noticed a four-headed hydra
  9011 | D:13     | Killed a four-headed hydra
  9113 | D:13     | Noticed a two-headed ogre
  9119 | D:13     | Killed a two-headed ogre
  9144 | D:13     | Received a gift from Yredelemnul (a wraith)
  9190 | D:13     | Reached skill level 17 in Unarmed Combat
  9567 | D:13     | Received a gift from Yredelemnul (a wight)
  9576 | D:13     | Noticed a rakshasa
  9577 | D:13     | Noticed a vault guard
  9597 | D:13     | Killed a vault guard
  9620 | D:13     | Killed a rakshasa
  9727 | D:13     | Found a gate to the Vaults.
 10174 | Lair:1   | Entered Level 1 of the Lair of Beasts
 10240 | Lair:1   | Reached XP level 13. HP: 105/110 MP: 18/18
 10420 | Lair:1   | Reached skill level 18 in Unarmed Combat
 10976 | Lair:2   | Reached ****** piety under Yredelemnul
 10978 | Lair:2   | Received a gift from Yredelemnul (a phantasmal warrior)
 11352 | Lair:2   | Noticed Nergalle
 11359 | Lair:2   | Killed Nergalle
 11969 | Lair:3   | Reached skill level 19 in Unarmed Combat
 11993 | Lair:3   | Received a gift from Yredelemnul (a wraith)
 12027 | Lair:3   | Found the +3 Elemental Staff {rElec rF++ rC++ MR++ AC+5}
 12108 | Lair:3   | Found a sacrificial altar of Ru.
 12137 | Lair:3   | Received a gift from Yredelemnul (a vampire)
 12282 | Lair:3   | Found a staircase to the Snake Pit.
 12576 | Lair:3   | Received a gift from Yredelemnul (a phantasmal warrior)
 12879 | Lair:4   | Reached XP level 14. HP: 80/118 MP: 19/19
 12889 | Lair:4   | Found a staircase to the Shoals.
 12891 | Lair:4   | Reached skill level 20 in Unarmed Combat
 13204 | Lair:4   | Received a gift from Yredelemnul (a vampire)
 14043 | Lair:5   | Reached skill level 1 in Shields
 14668 | Lair:6   | Entered Level 6 of the Lair of Beasts
 15025 | Lair:6   | Found a viscous altar of Jiyva.
 15038 | Lair:6   | Found a staircase to the Slime Pits.
 15049 | Lair:6   | Received a gift from Yredelemnul (a vampire)
 15069 | Lair:6   | Found a large runed translucent door.
 15076 | Lair:6   | Reached skill level 5 in Shields
 15393 | Lair:6   | Found a large runed translucent door.
 16132 | Lair:6   | Lost mutation: Your spells are a little harder to cast, but
                  | a little more powerful. [potion of mutation]
 16132 | Lair:6   | Lost mutation: Your body sometimes deteriorates upon taking
                  | damage. [potion of mutation]
 16132 | Lair:6   | Lost mutation: You can translocate small distances at will.
                  | [potion of mutation]
 16132 | Lair:6   | Lost mutation: You possess an exceptional clarity of mind.
                  | [potion of mutation]
 16132 | Lair:6   | Gained mutation: Your body sometimes deteriorates upon
                  | taking damage. [potion of mutation]
 16132 | Lair:6   | Gained mutation: You have a pair of small horns on your
                  | head. [potion of mutation]
 16132 | Lair:6   | Gained mutation: You occasionally shout uncontrollably at
                  | your foes. [potion of mutation]
 16132 | Lair:6   | Gained mutation: You are resistant to hostile enchantments.
                  | (MR+) [potion of mutation]
 16750 | D:13     | HP: 2/118 [cyclops/large rock (6)]
 16750 | D:13     | Killed from afar by an ogre mage

Levels and vault maps discovered:
D:1:      lightli_arrival_statuegarden, layout_loops_ring,
          chequers_serial_rivers_small_3, minmay_misc_feat_tiny,
          minmay_worlds_worst_comb
D:2:      kennysheep_the_goblin_king, layout_basic, lemuel_doored_altar,
          uniq_jessica
D:3:      layout_rooms, gammafunk_ghost_nasty_kobolds, wad_orctagon
D:4:      layout_loops_ring, serial_shops, nicolae_shop_window_shopping,
          cheibrodos_sewer_entry_bend, roderic_batcave, lemuel_angel_altar
D:5:      layout_gridville, nicolae_qazlal_style_of_elements, serial_rivers,
          chequers_serial_rivers_small_3, chequers_serial_rivers_large_a,
          chequers_serial_rivers_small_b, chequers_serial_rivers_micro_c,
          chequers_serial_rivers_small_b, chequers_serial_rivers_micro_e,
          enter_ossuary_5, first_ration, minmay_misc_feat_ornament,
          nrook_loot_triangle
D:6:      layout_basic, kennysheep_little_box, nicolae_overflow_crystal_walls,
          corexii_shack, roderic_lattice_a, amethyst_killhole, uniq_sigmund
D:7:      layout_loops_ring, minitemple, minmay_temple_entry_antechambers,
          st_stairs_4, minmay_misc_feat_rows
D:8:      layout_cave_pools, special_room [special_room_orc], enter_bailey_3,
          serial_shops, shop, uniq_harold, uniq_pikel
D:9:      layout_basic, special_room [special_room_orc], uniq_joseph
D:10:     layout_basic
D:11:     minmay_the_grid_square_5x5_4x4 [minmay_the_grid_square_5x5_spiral,
          minmay_the_grid_square_5x5_pentomino_r,
          minmay_the_grid_square_5x5_slash, minmay_the_grid_square_5x5_inner_i,
          minmay_the_grid_square_5x5_three_walls,
          minmay_the_grid_square_5x5_prize_rear_guard,
          minmay_the_grid_square_5x5_prize_deathbox,
          minmay_the_grid_square_5x5_six,
          minmay_the_grid_square_5x5_checkered_sparse,
          minmay_the_grid_square_5x5_prize_waves,
          minmay_the_grid_square_5x5_prize_snowflake,
          minmay_the_grid_square_5x5_meh, minmay_the_grid_square_5x5_dogpile,
          minmay_the_grid_square_5x5_tie, minmay_the_grid_square_5x5_shrine2,
          minmay_the_grid_square_5x5_two], layout_long_grid, david_lair_generic,
          serial_shops, shop, shop, shop_fountains, hangedman_stone_soup,
          kennysheep_generic_room_12
D:12:     layout_loops_cross, david_orc_5, serial_rivers,
          chequers_serial_rivers_large_b, chequers_serial_rivers_room_a,
          chequers_serial_rivers_micro_e, chequers_serial_rivers_micro_c,
          chequers_serial_rivers_room_b, gauntlet_entry_generic, uniq_erolcha,
          uniq_urug
D:13:     gammafunk_beogh_shrine, layout_loops_ring, david_vaults_5,
          enter_trove_1
D:14:     layout_gridville, serial_shops, nicolae_shop_behind_doors,
          chequers_garden, eino_small_chamber_without_monster
Temple:   eino_narrow_crystal_temple
Lair:1:   layout_small_grid, infiniplex_staircase_pool
Lair:2:   regret_index_wax_grids, layout_chaotic_city, uniq_nergalle
Lair:3:   statuecave_lemuel, layout_cave_pods, guppyfry_snake_entry_island,
          serial_bayou_pond_d, lemuel_oklob_altar
Lair:4:   layout_layer_cave, elwin_shoals_entry_stream
Lair:5:   layout_layer_cave, kilobyte_rumbling_trees
Lair:6:   cheibrodos_lair_end_hotspot, layout_hall_layers, slime_altar_1

Skill      XL: |  1  2  3  4  5  6  7  8  9 10 11 12 13 14 |
---------------+-------------------------------------------+-----
Unarmed Combat | 4 5 6 8 9 11 14 16 17 19 20 | 20.2
Invocations    | 8 9 |  9.0
Throwing       | 6 |  6.3
Shields        | 6 |  6.9
Fighting       | |  2.4
Dodging        | |  2.4
Stealth        | |  1.0

Action                   |  1- 3 |  4- 6 |  7- 9 | 10-12 | 13-15 || total
-------------------------+-------+-------+-------+-------+-------++-------
Melee: Unarmed           |    88 |    65 |   336 |   568 |   486 ||  1543
       Punch             |       |     4 |    18 |    24 |    22 ||    68
       Headbutt          |       |       |       |       |     6 ||     6
Throw: Boomerang         |       |       |     4 |       |       ||     4
       Javelin           |       |       |       |     4 |       ||     4
       Large rock        |       |       |       |     5 |     6 ||    11
Invok: Animate Remains   |       |       |     2 |       |       ||     2
       Animate Dead      |       |       |     1 |    25 |    46 ||    72
       Recall Undead Sla |       |       |       |     3 |    10 ||    13
       Drain Life        |       |       |       |       |     2 ||     2
 Abil: Blink             |       |       |       |     1 |       ||     1
       Evoke Flight      |       |       |       |       |     1 ||     1
Evoke: Wand              |       |       |    21 |       |       ||    21
  Use: Potion            |       |     3 |     3 |    13 |     5 ||    24
       Scroll            |       |     5 |     4 |     7 |     2 ||    18
 Stab: Sleeping          |     4 |     2 |     4 |       |       ||    10
       Invisible         |       |     2 |       |       |       ||     2
       Distracted        |       |     1 |       |     2 |     2 ||     5
  Eat: Chunk             |    10 |     9 |    26 |    49 |    58 ||   152
       Ration            |       |       |       |     4 |     4 ||     8
Armor: Robe              |    42 |    19 |    86 |       |       ||   147
       Gold dragon scale |       |       |    74 |   578 |   356 ||  1008
Dodge: Dodged            |    55 |    35 |   146 |    51 |    43 ||   330

Table legend:
 A = Non-vault XP
 B = Vault XP
 C = Vault XP percentage of total XP
 D = Non-vault monster count
 E = Vault monster count
 F = Vault count percentage of total count
                 A         B        C        D         E       F
            +---------+---------+-------+---------+---------+-------
      Total |   56684 |   32553 |  36.5 |     410 |     247 |  37.6
            +---------+---------+-------+---------+---------+-------
        D:1 |      27 |       8 |  22.9 |      13 |       4 |  23.5
        D:2 |      27 |       0 |   0.0 |       8 |       0 |   0.0
        D:3 |      10 |      12 |  54.5 |       5 |       4 |  44.4
        D:4 |     474 |      57 |  10.7 |      24 |       1 |   4.0
        D:5 |     717 |       0 |   0.0 |      17 |       0 |   0.0
        D:6 |     702 |     223 |  24.1 |      26 |       2 |   7.1
        D:7 |     263 |       0 |   0.0 |       9 |       0 |   0.0
        D:8 |    1272 |     835 |  39.6 |      31 |      28 |  47.5
        D:9 |    2290 |     668 |  22.6 |      31 |      24 |  43.6
       D:10 |    2671 |    1114 |  29.4 |      33 |       3 |   8.3
       D:11 |    1615 |    7769 |  82.8 |      23 |      36 |  61.0
       D:12 |    2881 |     869 |  23.2 |      27 |       1 |   3.6
       D:13 |    8952 |    5973 |  40.0 |      45 |      13 |  22.4
       D:14 |     723 |       0 |   0.0 |       3 |       0 |   0.0
     Lair:1 |    4795 |       0 |   0.0 |      14 |       0 |   0.0
     Lair:2 |    3598 |    5973 |  62.4 |      14 |      46 |  76.7
     Lair:3 |    9682 |     439 |   4.3 |      33 |       2 |   5.7
     Lair:4 |    6990 |    1309 |  15.8 |      22 |       4 |  15.4
     Lair:5 |    2655 |    1132 |  29.9 |       8 |       7 |  46.7
     Lair:6 |    6340 |    5524 |  46.6 |      24 |      25 |  51.0
    Ossuary |       0 |     230 | 100.0 |       0 |      31 | 100.0
     Bailey |       0 |     418 | 100.0 |       0 |      16 | 100.0
            +---------+---------+-------+---------+---------+-------
